 Dungeon Crawl Stone Soup version 0.18.1-8-gdd0e5ea (webtiles) character file.

3199 georgeearnest the Blocker (level 10, -4/76 HPs)
             Began as a Formicid Fighter on June 6, 2016.
             Was a High Priest of Cheibriados.
             Slain by a vampire mosquito (6 damage)
             ... on level 15 of the Dungeon.
             The game lasted 00:17:23 (7059 turns).

georgeearnest the Blocker (Formicid Fighter)        Turns: 7059, Time: 00:17:23

Health: -4/76      AC: 12    Str: 35 (37) XL:     10   Next: 17%
Magic:  10/10      EV: 15    Int: 19 (21) God:    Cheibriados [*****.]
Gold:   390        SH: 14    Dex: 20 (23) Spells: 0 memorised, 9 levels left

rFire  . . .     SeeInvis +     D - +1 battleaxe (curse)
rCold  . . .     Gourm    .     b - +0 scale mail
rNeg   . . .     Faith    .     c - +0 shield
rPois  .         Spirit   .     (helmet unavailable)
rElec  .         Dismiss  .     w - +2 cloak
rCorr  .         Reflect  .     t - +0 pair of gloves
SustAt .         Harm     .     (no boots)
MR     +....                    (no amulet)
Stlth  +.........               (no ring)
                                f - ring of wizardry

@: flying, very slow, somewhat resistant to hostile enchantments, very
unstealthy
A: permanent stasis, dig shafts and tunnels, four strong arms, antennae 3
a: Dig, Shaft Self, Bend Time, Temporal Distortion, Slouch, Step From Time,
Renounce Religion


You were on level 15 of the Dungeon.
You worshipped Cheibriados.
Cheibriados was extremely pleased with you.
You were not hungry.

You visited 1 branch of the dungeon, and saw 13 of its levels.

You collected 390 gold pieces.

Inventory:

Hand Weapons
 a - a +0 war axe
 D - a cursed +1 battleaxe (weapon)
Armour
 b - a +0 scale mail (worn)
 c - a +0 shield (worn)
 r - a +0 cloak
 t - a +0 pair of gloves (worn)
 w - a +2 cloak (worn)
Jewellery
 f - a ring of wizardry (left hand)
 y - an uncursed ring of fire {unknown}
 E - a +2 amulet of reflection {unknown}
Wands
 k - a wand of random effects (23/48)
 o - a wand of flame (29/48)
 u - a wand of disintegration (16/24)
 x - a wand of digging (7/24)
 z - a wand of flame (23/48)
 B - a wand of paralysis (14/24)
Scrolls
 l - a scroll of random uselessness {unknown}
 m - 2 scrolls of noise {unknown}
 n - a scroll of blinking {unknown}
 p - 5 scrolls of identify {unknown}
 v - a scroll of remove curse {unknown}
 C - a scroll of immolation {unknown}
Potions
 d - a potion of brilliance
 e - a potion of cancellation
 h - 2 potions of lignification
 q - a potion of flight
 s - a potion of degeneration
Comestibles
 g - 2 beef jerkies
 i - 3 bread rations
 j - 3 fruits


   Skills:
 + Level 5.7 Fighting
 + Level 5.9 Axes
 + Level 7.2 Armour
 + Level 6.0 Dodging
 + Level 1.0 Stealth
 + Level 9.6 Shields


You had 9 spell levels left.
You didn't know any spells.

Dungeon Overview and Level Annotations

Branches:
Dungeon (14/15)            Temple (0/1) D:4
   Lair: D:8-11         Orc: D:9-12      Vaults: D:13-14

Altars:
Cheibriados
Makhleb
Trog
Yredelemnul

Annotations:
D:6 Menkaure


Innate Abilities, Weirdness & Mutations

You are under a permanent stasis effect.
You can dig through walls and to a lower floor.
Your four strong arms can wield two-handed weapons with a shield.
You have a pair of large antennae on your head (SInv).


Message History

The vampire mosquito barely misses you.
Drink which item? (? for menu, Esc to quit)
It was a potion of cure mutation.
It has a very clean taste.
Your wild genetic ride slows down.
Your magical essence is no longer linked to your wands.
You feel slightly disoriented.
You feel agile.
Your thin metallic scales disappear.
You feel genetically stable.
You block the vampire mosquito's attack.
The vampire mosquito barely misses you.
You fail to use your ability.
The vampire mosquito bites you.
* * * LOW HITPOINT WARNING * * *
You block the vampire mosquito's attack.
You block the vampire mosquito's attack. x2
The vampire mosquito completely misses you.
The vampire mosquito misses you.
The vampire mosquito closely misses you.
You block the vampire mosquito's attack. x2
You block the vampire mosquito's attack.
The vampire mosquito bites you.
You die...

* ...## *, * #
#..######### ,,{
#.#........... {
,#.#...#.....## #
,,#......#...... ,#.
,#####.#.....#..##. , #.
.....#...........
...##.###.###..####...##
#.....@y.W...## #####
##.##.#y###### * #####


You could see a freezing wraith and 2 vampire mosquitoes.

Vanquished Creatures
  Sigmund (D:4)
  Eustachio (D:6)
  The ghost of georgeearnest the Shield-Bearer, an amateur FoFi (D:4)
  An orc warrior (D:8)
  A phantom (D:5)
  2 sky beasts (D:6)
  2 necrophages
  3 ogres
  3 centaurs
  Blork the orc (D:6)
  2 giant frogs (D:6)
  3 scorpions
  5 wights (D:8)
  A water moccasin skeleton (D:6)
  3 crimson imps (D:5)
  A giant frog zombie (D:5)
  6 hounds
  Crazy Yiuf (D:4)
  A giant frog skeleton (D:5)
  2 centaur skeletons
  3 orc priests
  5 orc wizards
  Jessica (D:2)
  Natasha (thrice) (D:4)
  An iguana (D:4)
  2 worker ants
  Robin (D:3)
  A worker ant zombie (D:8)
  9 adders
  4 gnolls (D:6)
  A shadow imp (D:6)
  4 worms
  2 dart slugs (D:2)
  8 giant geckos
  27 orcs
  15 bats
  2 giant cockroaches
  21 goblins
  10 hobgoblins
  3 jackals (D:6)
  6 quokkas
  A ball python (D:2)
  3 giant gecko skeletons
  10 giant newts
  A jackal skeleton (D:4)
  8 kobolds
  7 rats
200 creatures vanquished.

Notes
Turn   | Place    | Note
--------------------------------------------------------------
     0 | D:1      | georgeearnest the Formicid Fighter began the quest for the Orb.
     0 | D:1      | Reached XP level 1. HP: 18/18 MP: 1/1
   205 | D:1      | Reached XP level 2. HP: 19/24 MP: 2/2
   697 | D:1      | Reached XP level 3. HP: 29/30 MP: 3/3
   893 | D:2      | Reached skill level 4 in Shields
  1118 | D:2      | Reached XP level 4. HP: 26/37 MP: 4/4
  1507 | D:2      | Found a snail-covered altar of Cheibriados.
  1516 | D:2      | Became a worshipper of Cheibriados the Contemplative
  1589 | D:2      | Reached skill level 1 in Dodging
  2173 | D:2      | Noticed Jessica
  2177 | D:2      | Killed Jessica
  2177 | D:2      | Reached XP level 5. HP: 42/42 MP: 5/5
  2357 | D:3      | Reached * piety under Cheibriados
  2462 | D:3      | Noticed Robin
  2492 | D:3      | Reached ** piety under Cheibriados
  2507 | D:3      | Killed Robin
  2507 | D:3      | Reached XP level 6. HP: 35/48 MP: 6/6
  2623 | D:3      | Noticed a moth of wrath
  2629 | D:3      | Found a bloodstained altar of Trog.
  2635 | D:3      | Reached skill level 5 in Shields
  3053 | D:3      | Reached *** piety under Cheibriados
  3101 | D:4      | Noticed georgeearnest's ghost (amateur FoFi)
  3121 | D:4      | Killed georgeearnest's ghost
  3121 | D:4      | Reached XP level 7. HP: 33/54 MP: 7/7
  3273 | D:4      | Noticed Crazy Yiuf
  3278 | D:4      | Killed Crazy Yiuf
  3556 | D:4      | Noticed Sigmund
  3578 | D:4      | Killed Sigmund
  3578 | D:4      | Reached skill level 5 in Armour
  3578 | D:4      | Reached skill level 6 in Shields
  3846 | D:4      | Reached XP level 8. HP: 61/61 MP: 8/8
  3932 | D:4      | Reached **** piety under Cheibriados
  3936 | D:4      | Noticed Natasha
  3940 | D:4      | Killed Natasha
  4043 | D:4      | Noticed Natasha
  4052 | D:4      | Killed Natasha
  4155 | D:4      | Found a staircase to the Ecumenical Temple.
  4209 | D:4      | Noticed Natasha
  4228 | D:4      | Killed Natasha
  4548 | D:5      | Entered Level 5 of the Dungeon
  4741 | D:5      | Reached skill level 7 in Shields
  4885 | D:5      | Found a burning altar of Makhleb.
  5240 | D:5      | Reached XP level 9. HP: 66/66 MP: 9/9
  5383 | D:5      | Reached skill level 5 in Axes
  5569 | D:6      | Noticed Eustachio
  5618 | D:6      | Killed Eustachio
  5618 | D:6      | Reached skill level 8 in Shields
  5638 | D:6      | Reached ***** piety under Cheibriados
  5643 | D:6      | Reached skill level 5 in Fighting
  5662 | D:6      | Reached skill level 5 in Dodging
  5669 | D:6      | Noticed Blork the orc
  5701 | D:6      | Killed Blork the orc
  5707 | D:6      | Gained mutation: You expend magic power (3 MP) to strengthen your wands. [mutagenic meat]
  6199 | D:6      | Found a basalt altar of Yredelemnul.
  6252 | D:6      | Gained mutation: You are clumsy. (Dex -2) [mutagenic meat]
  6253 | D:6      | Gained mutation: You are partially covered in thin metallic scales (AC +2). [mutagenic meat]
  6254 | D:6      | Gained mutation: You evolve. [mutagenic meat]
  6255 | D:6      | Gained mutation: You rapidly evolve. [mutagenic meat]
  6302 | D:6      | Gained mutation: You passively map a small area around you. [evolution]
  6355 | D:6      | Reached skill level 9 in Shields
  6370 | D:6      | Noticed Menkaure
  6385 | D:6      | You fall through a shaft for 2 floors!
  6552 | D:8      | Reached XP level 10. HP: 62/74 MP: 10/10
  6595 | D:8      | Reached skill level 1 in Stealth
  7013 | D:7      | You fall through a shaft for 3 floors!
  7013 | D:10     | Entered Level 10 of the Dungeon
  7016 | D:10     | You fall through a shaft for 2 floors!
  7016 | D:12     | Noticed a hill giant
  7029 | D:12     | You fall through a shaft!
  7029 | D:13     | Noticed a hill giant
  7037 | D:14     | You fall through a shaft!
  7037 | D:15     | Entered Level 15 of the Dungeon
  7041 | D:15     | Noticed a freezing wraith
  7051 | D:15     | HP: 1/76 [vampire mosquito (4)]
  7055 | D:15     | Lost mutation: You rapidly evolve. [potion of cure mutation]
  7055 | D:15     | Lost mutation: You expend magic power (3 MP) to strengthen your wands. [potion of cure mutation]
  7055 | D:15     | Lost mutation: You passively map a small area around you. [potion of cure mutation]
  7055 | D:15     | Lost mutation: You are clumsy. (Dex -2) [potion of cure mutation]
  7055 | D:15     | Lost mutation: You are partially covered in thin metallic scales (AC +2). [potion of cure mutation]
  7055 | D:15     | Lost mutation: You evolve. [potion of cure mutation]
  7056 | D:15     | HP: 1/76 [vampire mosquito (1)]
  7059 | D:15     | Slain by a vampire mosquito

Skill      XL: |  1  2  3  4  5  6  7  8  9 10 |
---------------+-------------------------------+-----
Shields        | 4 5 6 7 9 |  9.6
Armour         | 4 5 6 7 |  7.2
Dodging        | 1 2 3 4 5 6 |  6.0
Fighting       | 4 5 |  5.7
Axes           | 3 4 5 |  5.9
Stealth        | 1 |  1.0

Action                   |  1- 3 |  4- 6 |  7- 9 | 10-12 || total
-------------------------+-------+-------+-------+-------++-------
Melee: War axe           |    82 |   266 |   359 |    26 ||   733
       Battleaxe         |       |       |       |    22 ||    22
 Abil: Dig               |     2 |       |     7 |     1 ||    10
       Shaft Self        |       |       |     1 |     4 ||     5
  Use: Potion            |       |     5 |     5 |     4 ||    14
  Eat: Bread ration      |     1 |     1 |       |       ||     2
       Beef jerky        |       |       |     1 |       ||     1
       Chunk             |       |       |     5 |       ||     5
       Meat ration       |       |       |     2 |       ||     2
Armor: Scale mail        |    68 |   123 |   103 |    23 ||   317
Dodge: Dodged            |    45 |   116 |   224 |    68 ||   453
Block: Shield            |    86 |   209 |   347 |    95 ||   737
